Detroit Red Wings vs Calgary Flames
Created - Monday, December 23, 2024 at 09:30
Goals
|
| Detroit Red Wings |
1 |
2 |
1 |
1 |
5 |
| Calgary Flames |
1 |
0 |
3 |
0 |
4 |
|
Shots
|
| Detroit Red Wings |
8 |
6 |
18 |
5 |
37 |
| Calgary Flames |
15 |
13 |
13 |
0 |
41 |
|
1st period
1. Detroit Red Wings , Patrick Kane 6 (Steven Stamkos 10, Jared McCann 2) at 1:51
2. Calgary Flames , Pavel Zacha 4 (Drew Doughty 3) at 16:20
Penalties :
Matthew Tkachuk (CGY) for Hooking (Minor) at 2:46, Nic Dowd (CGY) for High sticking (Minor) at 13:19
2nd period
3. Detroit Red Wings , Matthew Boldy 6 (Zach Bogosian 1, Shayne Gostisbehere 2) at 15:17
4. Detroit Red Wings , Patrick Kane 7 (Zachary Werenski 7, Jared McCann 3) at 15:55
Penalties :
No Penalty
3rd period
5. Calgary Flames , Yakov Trenin 2 (Garnet Hathaway 2, Nic Dowd 4) at 1:17
6. Calgary Flames , Joel Eriksson Ek 2 (Sebastian Aho 3, Rasmus Andersson 4) at 10:03
7. Calgary Flames , Garnet Hathaway 3 (Jeff Petry 3, Jeremy Lauzon 2) at 17:07
8. Detroit Red Wings , Raphael Lavoie 1 (Mika Zibanejad 7, Jackson LaCombe 1) at 19:02
Penalties :
Matthew Tkachuk (CGY) for Hooking (Minor) at 17:54, Carter Verhaeghe (DET) for Slashing (Minor) at 18:30, Nic Dowd (CGY) for Slashing (Minor) at 19:40
Overtime #1
9. Detroit Red Wings , Carter Verhaeghe 3 (Mika Zibanejad 8, Zachary Werenski 8) at 0:45 (PP)
Penalties :
No Penalty
Goalie Stats
Calvin Pickard (DET), 37 saves from 41 shots - (0.902), W, 5-2-2, 60:25 minutes
Samuel Montembeault (CGY), 32 saves from 37 shots - (0.865), OTL, 5-0-1, 60:45 minutes
Players Stats for Detroit Red Wings
Player Name G A P +/- PIM S H SB GA TA FO MP PP MP PK MP
------------------------------------------------------------------------------------
Brendan Gallagher 0 0 0 0 0 3 0 0 1 0 0/0 8:32 0:00 0:00
Carter Verhaeghe 1 0 1 1 2 2 5 2 0 0 0/1 20:24 2:36 0:00
Christian Fischer 0 0 0 -1 0 0 0 0 0 0 0/0 11:33 0:00 0:00
Daniel Sprong 0 0 0 -1 0 1 1 0 2 0 0/0 11:30 0:00 0:00
Jackson LaCombe 0 1 1 2 0 0 0 0 0 2 0/0 16:17 0:00 0:00
Jared McCann 0 2 2 -1 0 3 3 3 0 0 1/1 18:19 2:12 0:00
Keegan Kolesar 0 0 0 0 0 3 1 0 0 0 0/0 8:32 0:00 0:00
Kevin Shattenkirk 0 0 0 -1 0 0 0 1 0 1 0/0 15:46 2:39 0:00
Kevin Stenlund 0 0 0 0 0 0 1 0 0 1 2/4 8:32 0:00 0:00
MacKenzie Weegar 0 0 0 2 0 4 2 2 0 1 0/0 28:37 2:10 0:00
Matthew Boldy 1 0 1 1 0 5 0 0 0 0 1/2 20:10 2:22 0:00
Mika Zibanejad 0 2 2 2 0 3 3 0 1 1 8/23 22:24 2:37 0:00
Patrick Kane 2 0 2 -1 0 3 2 0 1 0 0/1 18:19 2:12 0:00
Raphael Lavoie 1 0 1 0 0 3 1 0 0 0 2/2 13:41 0:15 0:00
Shayne Gostisbehere 0 1 1 -2 0 2 0 1 1 0 0/0 17:46 1:55 0:00
Steven Stamkos 0 1 1 -1 0 3 1 2 0 0 10/26 18:19 2:12 0:00
Zach Bogosian 0 1 1 -1 0 0 0 2 0 0 0/0 16:22 0:00 0:00
Zachary Werenski 0 2 2 0 0 2 2 1 1 1 0/0 26:42 2:54 0:00
Players Stats for Calgary Flames
Player Name G A P +/- PIM S H SB GA TA FO MP PP MP PK MP
------------------------------------------------------------------------------------
Drew Doughty 0 1 1 1 0 3 0 3 0 1 0/0 22:17 0:00 2:34
Garnet Hathaway 1 1 2 2 0 1 2 1 0 0 0/0 10:12 0:00 0:00
J.T. Miller 0 0 0 -1 0 2 0 0 4 1 11/14 19:38 0:00 2:08
Jake Middleton 0 0 0 -1 0 1 3 1 0 0 0/0 19:14 0:00 2:28
Jeff Petry 0 1 1 0 0 0 2 4 0 1 0/0 19:14 0:00 0:00
Jeremy Lauzon 0 1 1 0 0 0 2 0 0 0 0/0 21:37 0:00 2:28
Joel Eriksson Ek 1 0 1 0 0 5 1 1 0 1 2/6 18:09 0:00 2:39
Mathieu Joseph 0 0 0 -1 0 0 0 0 0 0 0/0 12:28 0:00 0:00
Matthew Tkachuk 0 0 0 -1 4 6 0 4 1 0 1/1 16:56 0:00 1:08
Nic Dowd 0 1 1 3 4 2 0 0 0 1 2/4 11:50 0:00 0:00
Oliver Bjorkstrand 0 0 0 -1 0 5 1 1 0 0 5/10 12:28 0:00 0:00
Pavel Zacha 1 0 1 -1 0 1 1 1 1 0 5/6 20:23 0:00 2:50
Rasmus Andersson 0 1 1 1 0 3 0 3 0 0 0/0 22:17 0:00 2:34
Sebastian Aho 0 1 1 0 0 3 0 2 0 1 10/17 15:18 0:00 0:38
Timo Meier 0 0 0 -1 0 3 0 0 1 0 0/0 12:28 0:00 0:00
Vincent Desharnais 0 0 0 -1 0 4 0 0 0 0 0/0 16:51 0:00 0:00
Yakov Trenin 1 0 1 2 0 2 1 0 0 1 0/0 10:12 0:00 0:00
Zach Hyman 0 0 0 0 0 0 1 1 0 0 0/2 15:08 0:00 0:28
3 Stars
1 - Garnet Hathaway (CGY)
2 - Patrick Kane (DET)
3 - Mika Zibanejad (DET)
Power Play
Detroit Red Wings - 1 on 4 Attempt(s) - 25.00%
Calgary Flames - 0 on 1 Attempt(s) - 0.00%
Penalty Kill
Detroit Red Wings - 1 on 1 Attempt(s) - 100.00%
- Score 0 goal in Penalty Kill
Calgary Flames - 3 on 4 Attempt(s) - 75.00%
- Score 0 goal in Penalty Kill
Team Stat
Detroit Red Wings - Hits : 22 - Faceoff Wins : 24 - Blocked Shots : 14 - Penalty Minutes : 2
Calgary Flames - Hits : 14 - Faceoff Wins : 36 - Blocked Shots : 22 - Penalty Minutes : 8
Official
Referees : Steve Kozari and Marc Joannette
Linesman : Tommy Hughes and Kyle Flemington
Game Notes
No Game Note
Finance
Level 1 -- Attendance: 6000 (100.00%) -- Ticket Income $600,000
Level 2 -- Attendance: 5000 (100.00%) -- Ticket Income $300,000
Level 3 -- Attendance: 3000 (100.00%) -- Ticket Income $105,000
Level 4 -- Attendance: 5000 (100.00%) -- Ticket Income $125,000
Luxury Box -- Attendance: 970 (97.00%) -- Ticket Income $194,000
Game was played at the Scotiabank Saddledome.
Total Attendance: 19970 (99.85%)
Total Ticket Income: $1,324,000
Other Income: $463,400
Total Income: $1,787,400
Detroit Red Wings
5 vs 5 Forward
Center Left Wing Right Wing Time % Phy DF OF
1 Mika Zibanejad Carter Verhaeghe Matthew Boldy 35 1 2 2
2 Steven Stamkos Jared McCann Patrick Kane 35 1 1 3
3 Raphael Lavoie Daniel Sprong Christian Fischer 20 1 2 2
4 Kevin Stenlund Brendan Gallagher Keegan Kolesar 10 2 2 1
5 vs 5 Defense
Defense Defense Time % Phy DF OF
1 Zachary Werenski MacKenzie Weegar 40 1 2 2
2 Zach Bogosian Shayne Gostisbehere 30 1 2 2
3 Jackson LaCombe Kevin Shattenkirk 20 3 1 1
4 Jackson LaCombe MacKenzie Weegar 10 1 2 2
PowerPlay Forward
Center Left Wing Right Wing Time % Phy DF OF
1 Steven Stamkos Jared McCann Patrick Kane 50 0 1 4
2 Mika Zibanejad Carter Verhaeghe Matthew Boldy 50 0 1 4
PowerPlay Defense
Defense Defense Time % Phy DF OF
1 Shayne Gostisbehere MacKenzie Weegar 50 1 2 2
2 Zachary Werenski Kevin Shattenkirk 50 1 2 2
Penalty Kill 4 Players Forward
Center Wing Time % Phy DF OF
1 Mika Zibanejad Jared McCann 50 2 2 1
2 Kevin Stenlund Keegan Kolesar 50 2 2 1
Penalty Kill 4 Players Defense
Defense Defense Time % Phy DF OF
1 Jackson LaCombe MacKenzie Weegar 50 2 2 1
2 Zach Bogosian Zachary Werenski 50 2 2 1
Penalty Kill - 3 Players Forward
Forward Time % Phy DF OF
1 Mika Zibanejad 50 1 2 2
2 Steven Stamkos 50 1 2 2
Penalty Kill - 3 Players Defense
Defense Defense Time % Phy DF OF
1 Jackson LaCombe MacKenzie Weegar 50 1 2 2
2 Zach Bogosian Zachary Werenski 50 2 2 1
4 vs 4 Forward
Center Wing Time % Phy DF OF
1 Mika Zibanejad Carter Verhaeghe 60 1 2 2
2 Steven Stamkos Matthew Boldy 40 1 1 3
4 vs 4 Defense
Defense Defense Time % Phy DF OF
1 Zachary Werenski MacKenzie Weegar 60 1 2 2
2 Zach Bogosian Jackson LaCombe 40 1 2 2
Last Minutes Offensive
Center Left Wing Right Wing Defense Defense
Mika Zibanejad Carter Verhaeghe Matthew Boldy Zachary Werenski MacKenzie Weegar
Last Minutes Defensive
Center Left Wing Right Wing Defense Defense
Mika Zibanejad Carter Verhaeghe Matthew Boldy Zachary Werenski MacKenzie Weegar
Goaltenders
Starting : Calvin Pickard
Backup : Laurent Brossoit
Extra Forwards
Normal : Raphael Lavoie, Christian Fischer, Daniel Sprong - PP : Kevin Stenlund, Daniel Sprong - PK : Steven Stamkos
Extra Defensemen
Normal : Kevin Shattenkirk, Jackson LaCombe, MacKenzie Weegar - PP : Kevin Shattenkirk - PK : Kevin Shattenkirk, Jackson LaCombe
Penalty Shots
Mika Zibanejad, Steven Stamkos, Matthew Boldy, Carter Verhaeghe, Jared McCann
Scratches
Alexander Barabanov (Healthy), Philippe Myers (Healthy), Vitek Vanecek (Healthy)
Calgary Flames
5 vs 5 Forward
Center Left Wing Right Wing Time % Phy DF OF
1 J.T. Miller Pavel Zacha Matthew Tkachuk 30 1 2 2
2 Sebastian Aho Zach Hyman Joel Eriksson Ek 30 1 2 2
3 Oliver Bjorkstrand Timo Meier Mathieu Joseph 25 1 2 2
4 Nic Dowd Yakov Trenin Garnet Hathaway 15 1 2 2
5 vs 5 Defense
Defense Defense Time % Phy DF OF
1 Drew Doughty Rasmus Andersson 35 1 2 2
2 Jeff Petry Jeremy Lauzon 35 1 2 2
3 Jake Middleton Vincent Desharnais 30 1 2 2
4 Drew Doughty Rasmus Andersson 0 1 2 2
PowerPlay Forward
Center Left Wing Right Wing Time % Phy DF OF
1 Joel Eriksson Ek Pavel Zacha Matthew Tkachuk 50 1 2 2
2 Oliver Bjorkstrand Zach Hyman J.T. Miller 50 1 2 2
PowerPlay Defense
Defense Defense Time % Phy DF OF
1 Drew Doughty Rasmus Andersson 50 1 2 2
2 Jeremy Lauzon Jeff Petry 50 1 2 2
Penalty Kill 4 Players Forward
Center Wing Time % Phy DF OF
1 Pavel Zacha J.T. Miller 50 1 2 2
2 Joel Eriksson Ek Matthew Tkachuk 50 1 2 2
Penalty Kill 4 Players Defense
Defense Defense Time % Phy DF OF
1 Drew Doughty Rasmus Andersson 50 1 2 2
2 Jake Middleton Jeremy Lauzon 50 1 2 2
Penalty Kill - 3 Players Forward
Forward Time % Phy DF OF
1 Matthew Tkachuk 50 1 2 2
2 Pavel Zacha 50 1 2 2
Penalty Kill - 3 Players Defense
Defense Defense Time % Phy DF OF
1 Drew Doughty Rasmus Andersson 50 1 2 2
2 Jeremy Lauzon Jake Middleton 50 1 2 2
4 vs 4 Forward
Center Wing Time % Phy DF OF
1 Pavel Zacha J.T. Miller 50 1 2 2
2 Joel Eriksson Ek Matthew Tkachuk 50 1 2 2
4 vs 4 Defense
Defense Defense Time % Phy DF OF
1 Drew Doughty Rasmus Andersson 50 1 2 2
2 Jake Middleton Vincent Desharnais 50 1 2 2
Last Minutes Offensive
Center Left Wing Right Wing Defense Defense
J.T. Miller Pavel Zacha Matthew Tkachuk Drew Doughty Rasmus Andersson
Last Minutes Defensive
Center Left Wing Right Wing Defense Defense
J.T. Miller Pavel Zacha Matthew Tkachuk Drew Doughty Rasmus Andersson
Goaltenders
Starting : Samuel Montembeault
Backup : Ilya Sorokin
Extra Forwards
Normal : Nic Dowd, Oliver Bjorkstrand, Pavel Zacha - PP : Nic Dowd, Oliver Bjorkstrand - PK : Matthew Tkachuk
Extra Defensemen
Normal : Jake Middleton, Jeremy Lauzon, Rasmus Andersson - PP : Jake Middleton - PK : Jeremy Lauzon, Rasmus Andersson
Penalty Shots
J.T. Miller, Nic Dowd, Joel Eriksson Ek, Matthew Tkachuk, Pavel Zacha
Scratches
Cole Sillinger (Healthy), Noel Acciari (Healthy), Rafael Harvey-Pinard (Healthy), Kris Letang (Healthy)
% Time on Ice - Detroit Red Wings
Lines # - Real PCT - Wanted PCT - Time Play
Normal Forward
1 - 33% - 35% - 17:48
2 - 30% - 35% - 16:07
3 - 21% - 20% - 11:30
4 - 16% - 10% - 8:32
Normal Defense
1 - 38% - 40% - 20:22
2 - 33% - 30% - 17:33
3 - 20% - 20% - 10:40
4 - 10% - 10% - 5:22
PP Forward
1 - 51% - 50% - 2:27
2 - 49% - 50% - 2:22
PP Defense
1 - 45% - 50% - 2:10
2 - 55% - 50% - 2:39
PK Forward
1 - 0% - 50%
2 - 0% - 50%
PK Defense
1 - 0% - 50%
2 - 0% - 50%
PK3 Forward
1 - 0% - 50%
2 - 0% - 50%
PK3 Defense
1 - 0% - 50%
2 - 0% - 50%
44 Forward
1 - 100% - 60% - 1:59
2 - 0% - 40% - 0:00
44 Defense
1 - 87% - 60% - 1:44
2 - 13% - 40% - 0:15
Last Minute Offensive - 0:00
Last Minute Defensive - 0:00
Total
Forward - 60:45
Defense - 60:45
|
% Time on Ice - Calgary Flames
Lines # - Real PCT - Wanted PCT - Time Play
Normal Forward
1 - 31% - 30% - 16:37
2 - 27% - 30% - 14:40
3 - 23% - 25% - 12:28
4 - 19% - 15% - 10:12
Normal Defense
1 - 35% - 35% - 18:50
2 - 35% - 35% - 19:09
3 - 30% - 30% - 15:58
4 - 0% - 0% - 0:00
PP Forward
1 - 0% - 50%
2 - 0% - 50%
PP Defense
1 - 0% - 50%
2 - 0% - 50%
PK Forward
1 - 42% - 50% - 2:01
2 - 58% - 50% - 2:48
PK Defense
1 - 49% - 50% - 2:21
2 - 51% - 50% - 2:28
PK3 Forward
1 - 23% - 50% - 0:03
2 - 77% - 50% - 0:10
PK3 Defense
1 - 100% - 50% - 0:13
2 - 0% - 50% - 0:00
44 Forward
1 - 50% - 50% - 0:53
2 - 50% - 50% - 0:53
44 Defense
1 - 50% - 50% - 0:53
2 - 50% - 50% - 0:53
Last Minute Offensive - 0:00
Last Minute Defensive - 0:00
Total
Forward - 60:45
Defense - 60:45
|
Play-by-Play
1st period
0:01 of 1st period - Mika Zibanejad wins face-off versus J.T. Miller in neutral zone.
1:09 of 1st period - Snap shot by Brendan Gallagher.
1:09 of 1st period - Shot Misses the Net.
1:31 of 1st period - Wrist shot by Oliver Bjorkstrand.
1:31 of 1st period - Shot Misses the Net.
1:33 of 1st period - Slapshot by Rasmus Andersson.
1:33 of 1st period - Shot Blocked by Kevin Shattenkirk.
1:35 of 1st period - Slapshot by Rasmus Andersson.
1:35 of 1st period - Stopped by Calvin Pickard with a rebound.
1:37 of 1st period - Wrist shot by Nic Dowd.
1:37 of 1st period - Stopped by Calvin Pickard without a rebound.
1:38 of 1st period - J.T. Miller wins face-off versus Steven Stamkos in Detroit Red Wings zone.
1:39 of 1st period - Snap shot by Matthew Tkachuk.
1:39 of 1st period - Stopped by Calvin Pickard without a rebound.
1:40 of 1st period - Jared McCann wins face-off versus J.T. Miller in Detroit Red Wings zone.
1:51 of 1st period - Snap shot by Patrick Kane.
1:51 of 1st period - Goal by Patrick Kane - Detroit Red Wings : 1 - Calgary Flames : 0.
1:52 of 1st period - Steven Stamkos wins face-off versus Sebastian Aho in neutral zone.
2:01 of 1st period - Snap shot by Zach Hyman.
2:01 of 1st period - Shot Misses the Net.
2:03 of 1st period - Slapshot by Vincent Desharnais.
2:03 of 1st period - Stopped by Calvin Pickard without a rebound.
2:04 of 1st period - Matthew Boldy wins face-off versus Nic Dowd in Detroit Red Wings zone.
2:09 of 1st period - Yakov Trenin is hit by Carter Verhaeghe and loses puck.
2:18 of 1st period - Wrist shot by Matthew Boldy.
2:18 of 1st period - Shot Misses the Net.
2:20 of 1st period - Snap shot by Carter Verhaeghe.
2:20 of 1st period - Shot Blocked by Jeff Petry.
2:46 of 1st period - Minor Penalty to Matthew Tkachuk for Hooking.
2:47 of 1st period - Pavel Zacha wins face-off versus Steven Stamkos in Calgary Flames zone.
3:00 of 1st period - Snap shot by Steven Stamkos.
3:00 of 1st period - Stopped by Samuel Montembeault with a rebound.
3:24 of 1st period - Steven Stamkos is hit by Jeremy Lauzon.
4:46 of 1st period - Penalty to Matthew Tkachuk is over, Matthew Tkachuk is back on ice.
5:14 of 1st period - Slapshot by Kevin Shattenkirk.
5:14 of 1st period - Shot Misses the Net.
5:16 of 1st period - Slapshot by Kevin Shattenkirk.
5:16 of 1st period - Shot Misses the Net.
5:18 of 1st period - Backhand shot by Keegan Kolesar.
5:18 of 1st period - Stopped by Samuel Montembeault with a rebound.
6:07 of 1st period - Snap shot by Matthew Tkachuk.
6:07 of 1st period - Shot Misses the Net.
6:37 of 1st period - Garnet Hathaway is hit by Carter Verhaeghe and loses puck.
7:00 of 1st period - Kevin Stenlund is hit by Jake Middleton.
7:04 of 1st period - Mathieu Joseph is hit by Keegan Kolesar and loses puck.
7:22 of 1st period - Shayne Gostisbehere is hit by Zach Hyman and loses puck.
7:39 of 1st period - Shayne Gostisbehere is hit by Garnet Hathaway and loses puck.
8:38 of 1st period - Snap shot by Joel Eriksson Ek.
8:38 of 1st period - Shot Misses the Net.
8:40 of 1st period - Slapshot by Sebastian Aho.
8:40 of 1st period - Deflect By Joel Eriksson Ek.
8:40 of 1st period - Shot Misses the Net.
8:40 of 1st period - Puck is out of play.
8:41 of 1st period - Oliver Bjorkstrand wins face-off versus Mika Zibanejad in Detroit Red Wings zone.
9:16 of 1st period - Snap shot by Sebastian Aho.
9:16 of 1st period - Stopped by Calvin Pickard with a rebound.
10:13 of 1st period - Mathieu Joseph is hit by MacKenzie Weegar and loses puck.
10:22 of 1st period - Snap shot by Matthew Boldy.
10:22 of 1st period - Shot Blocked by Rasmus Andersson.
10:39 of 1st period - Off-side.
10:40 of 1st period - Sebastian Aho wins face-off versus Patrick Kane in neutral zone.
10:47 of 1st period - Snap shot by Joel Eriksson Ek.
10:47 of 1st period - Stopped by Calvin Pickard with a rebound.
10:49 of 1st period - Backhand shot by Jeremy Lauzon.
10:49 of 1st period - Shot Blocked by MacKenzie Weegar.
10:51 of 1st period - Slapshot by Jeff Petry.
10:51 of 1st period - Shot Blocked by Steven Stamkos.
11:09 of 1st period - Slapshot by Timo Meier.
11:09 of 1st period - Shot Misses the Net.
11:11 of 1st period - Snap shot by Vincent Desharnais.
11:11 of 1st period - Deflect By Oliver Bjorkstrand.
11:11 of 1st period - Stopped by Calvin Pickard with a rebound.
11:13 of 1st period - Backhand shot by Mathieu Joseph.
11:13 of 1st period - Shot Misses the Net.
11:15 of 1st period - Slapshot by Vincent Desharnais.
11:15 of 1st period - Shot Blocked by Zachary Werenski.
11:17 of 1st period - Slapshot by Jake Middleton.
11:17 of 1st period - Deflect By Steven Stamkos.
11:17 of 1st period - Stopped by Calvin Pickard without a rebound.
11:18 of 1st period - Mika Zibanejad wins face-off versus J.T. Miller in Detroit Red Wings zone.
11:27 of 1st period - Wrist shot by Matthew Boldy.
11:27 of 1st period - Stopped by Samuel Montembeault without a rebound.
11:28 of 1st period - J.T. Miller wins face-off versus Mika Zibanejad in Calgary Flames zone.
11:37 of 1st period - Wrist shot by J.T. Miller.
11:37 of 1st period - Shot Blocked by Zach Bogosian.
11:39 of 1st period - Snap shot by J.T. Miller.
11:39 of 1st period - Stopped by Calvin Pickard with a rebound.
11:41 of 1st period - Wrist shot by Matthew Tkachuk.
11:41 of 1st period - Stopped by Calvin Pickard with a rebound.
11:51 of 1st period - Snap shot by Pavel Zacha.
11:51 of 1st period - Deflect By Matthew Tkachuk.
11:51 of 1st period - Stopped by Calvin Pickard without a rebound.
11:52 of 1st period - Sebastian Aho wins face-off versus Steven Stamkos in Detroit Red Wings zone.
11:55 of 1st period - Snap shot by Zach Hyman.
11:55 of 1st period - Shot Blocked by Steven Stamkos.
12:03 of 1st period - Patrick Kane is hit by Joel Eriksson Ek and loses puck.
12:18 of 1st period - Raphael Lavoie is hit by Oliver Bjorkstrand and loses puck.
13:19 of 1st period - Minor Penalty to Nic Dowd for High sticking.
13:20 of 1st period - Pavel Zacha wins face-off versus Mika Zibanejad in Calgary Flames zone.
13:31 of 1st period - Rasmus Andersson is hit by Mika Zibanejad and loses puck.
13:46 of 1st period - Wrist shot by Steven Stamkos.
13:46 of 1st period - Stopped by Samuel Montembeault without a rebound.
13:47 of 1st period - Joel Eriksson Ek wins face-off versus Steven Stamkos in Calgary Flames zone.
14:00 of 1st period - Snap shot by Joel Eriksson Ek.
14:00 of 1st period - Stopped by Calvin Pickard with a rebound.
14:10 of 1st period - Jeremy Lauzon is hit by Mika Zibanejad and loses puck.
14:17 of 1st period - Slapshot by Mika Zibanejad.
14:17 of 1st period - Shot Blocked by Joel Eriksson Ek.
14:19 of 1st period - Snap shot by Mika Zibanejad.
14:19 of 1st period - Shot Misses the Net.
14:21 of 1st period - Wrist shot by Mika Zibanejad.
14:21 of 1st period - Stopped by Samuel Montembeault with a rebound.
15:19 of 1st period - Penalty to Nic Dowd is over, Nic Dowd is back on ice.
16:00 of 1st period - Wrist shot by Daniel Sprong.
16:00 of 1st period - Stopped by Samuel Montembeault with a rebound.
16:20 of 1st period - Snap shot by Pavel Zacha.
16:20 of 1st period - Goal by Pavel Zacha - Detroit Red Wings : 1 - Calgary Flames : 1.
16:21 of 1st period - Sebastian Aho wins face-off versus Steven Stamkos in neutral zone.
16:34 of 1st period - Wrist shot by Joel Eriksson Ek.
16:34 of 1st period - Stopped by Calvin Pickard with a rebound.
16:40 of 1st period - Vincent Desharnais is hit by Patrick Kane and loses puck.
17:11 of 1st period - Kevin Stenlund is hit by Garnet Hathaway and loses puck.
17:16 of 1st period - Snap shot by Yakov Trenin.
17:16 of 1st period - Shot Blocked by Zach Bogosian.
18:46 of 1st period - Snap shot by Jared McCann.
18:46 of 1st period - Stopped by Samuel Montembeault without a rebound.
18:47 of 1st period - J.T. Miller wins face-off versus Mika Zibanejad in Calgary Flames zone.
19:10 of 1st period - Wrist shot by Zach Hyman.
19:10 of 1st period - Shot Blocked by Jared McCann.
19:12 of 1st period - Snap shot by Sebastian Aho.
19:12 of 1st period - Stopped by Calvin Pickard with a rebound.
19:24 of 1st period - Jake Middleton is hit by MacKenzie Weegar and loses puck.
19:44 of 1st period - Off-side.
19:45 of 1st period - Kevin Stenlund wins face-off versus Nic Dowd in neutral zone.
19:50 of 1st period - Snap shot by Brendan Gallagher.
19:50 of 1st period - Shot Blocked by Garnet Hathaway.
Goals for this period are 1 for Detroit Red Wings vs 1 for Calgary Flames.
Shots for this period are 8 for Detroit Red Wings vs 15 for Calgary Flames.
2nd period
0:01 of 2nd period - Sebastian Aho wins face-off versus Steven Stamkos in neutral zone.
1:24 of 2nd period - Joel Eriksson Ek is hit by Steven Stamkos and loses puck.
1:59 of 2nd period - Wrist shot by Matthew Tkachuk.
1:59 of 2nd period - Stopped by Calvin Pickard with a rebound.
2:09 of 2nd period - Garnet Hathaway is hit by Daniel Sprong and loses puck.
2:30 of 2nd period - Slapshot by Brendan Gallagher.
2:30 of 2nd period - Deflect By Keegan Kolesar.
2:30 of 2nd period - Stopped by Samuel Montembeault with a rebound.
2:42 of 2nd period - Shayne Gostisbehere is hit by Jeff Petry.
3:48 of 2nd period - Slapshot by Drew Doughty.
3:48 of 2nd period - Deflect By Yakov Trenin.
3:48 of 2nd period - Deflect By Zachary Werenski.
3:48 of 2nd period - Stopped by Calvin Pickard without a rebound.
3:49 of 2nd period - Steven Stamkos wins face-off versus Sebastian Aho in Detroit Red Wings zone.
4:08 of 2nd period - Sebastian Aho is hit by Jared McCann and loses puck.
4:36 of 2nd period - Snap shot by Patrick Kane.
4:36 of 2nd period - Shot Misses the Net.
5:13 of 2nd period - Snap shot by Sebastian Aho.
5:13 of 2nd period - Shot Blocked by Jared McCann.
5:15 of 2nd period - Snap shot by Sebastian Aho.
5:15 of 2nd period - Shot Misses the Net.
5:25 of 2nd period - Backhand shot by Sebastian Aho.
5:25 of 2nd period - Deflect By Zach Hyman.
5:25 of 2nd period - Shot Misses the Net.
5:25 of 2nd period - Puck is out of play.
5:26 of 2nd period - J.T. Miller wins face-off versus Mika Zibanejad in Detroit Red Wings zone.
5:47 of 2nd period - Pavel Zacha is hit by Zachary Werenski and loses puck.
6:36 of 2nd period - Mathieu Joseph is hit by Carter Verhaeghe and loses puck.
7:14 of 2nd period - Garnet Hathaway is hit by Kevin Stenlund and loses puck.
8:21 of 2nd period - J.T. Miller is hit by Jared McCann and loses puck.
8:31 of 2nd period - Off-side.
8:32 of 2nd period - Kevin Stenlund wins face-off versus Oliver Bjorkstrand in neutral zone.
8:44 of 2nd period - Slapshot by Zachary Werenski.
8:44 of 2nd period - Shot Blocked by Jake Middleton.
8:46 of 2nd period - Snap shot by Kevin Stenlund.
8:46 of 2nd period - Shot Blocked by Oliver Bjorkstrand.
9:19 of 2nd period - Snap shot by Nic Dowd.
9:19 of 2nd period - Stopped by Calvin Pickard with a rebound.
9:21 of 2nd period - Slapshot by Rasmus Andersson.
9:21 of 2nd period - Stopped by Calvin Pickard with a rebound.
9:23 of 2nd period - Slapshot by Rasmus Andersson.
9:23 of 2nd period - Stopped by Calvin Pickard without a rebound.
9:24 of 2nd period - J.T. Miller wins face-off versus Steven Stamkos in Detroit Red Wings zone.
9:33 of 2nd period - Wrist shot by J.T. Miller.
9:33 of 2nd period - Deflect By Matthew Tkachuk.
9:33 of 2nd period - Shot Misses the Net.
9:33 of 2nd period - Puck is out of play.
9:34 of 2nd period - J.T. Miller wins face-off versus Mika Zibanejad in Detroit Red Wings zone.
9:45 of 2nd period - Slapshot by Mika Zibanejad.
9:45 of 2nd period - Stopped by Samuel Montembeault without a rebound.
9:46 of 2nd period - Sebastian Aho wins face-off versus Carter Verhaeghe in Calgary Flames zone.
11:26 of 2nd period - Backhand shot by Sebastian Aho.
11:26 of 2nd period - Deflect By Joel Eriksson Ek.
11:26 of 2nd period - Stopped by Calvin Pickard with a rebound.
11:28 of 2nd period - Wrist shot by Jeremy Lauzon.
11:28 of 2nd period - Shot Blocked by Carter Verhaeghe.
11:58 of 2nd period - Snap shot by Oliver Bjorkstrand.
11:58 of 2nd period - Stopped by Calvin Pickard with a rebound.
12:08 of 2nd period - Slapshot by Oliver Bjorkstrand.
12:08 of 2nd period - Stopped by Calvin Pickard with a rebound.
12:22 of 2nd period - Raphael Lavoie is hit by Yakov Trenin and loses puck.
12:29 of 2nd period - Christian Fischer is hit by Jeff Petry and loses puck.
13:41 of 2nd period - Slapshot by Matthew Tkachuk.
13:41 of 2nd period - Shot Blocked by Shayne Gostisbehere.
14:10 of 2nd period - Yakov Trenin is hit by Jared McCann and loses puck.
14:52 of 2nd period - Rasmus Andersson is hit by Carter Verhaeghe and loses puck.
14:57 of 2nd period - Slapshot by Matthew Boldy.
14:57 of 2nd period - Deflect By Mika Zibanejad.
14:57 of 2nd period - Shot Misses the Net.
14:57 of 2nd period - Puck is out of play.
14:58 of 2nd period - Mika Zibanejad wins face-off versus Zach Hyman in Calgary Flames zone.
15:11 of 2nd period - Snap shot by Matthew Boldy.
15:11 of 2nd period - Shot Misses the Net.
15:13 of 2nd period - Slapshot by Shayne Gostisbehere.
15:13 of 2nd period - Stopped by Samuel Montembeault with a rebound.
15:15 of 2nd period - Slapshot by Zach Bogosian.
15:15 of 2nd period - Shot Blocked by Sebastian Aho.
15:17 of 2nd period - Snap shot by Matthew Boldy.
15:17 of 2nd period - Goal by Matthew Boldy - Detroit Red Wings : 2 - Calgary Flames : 1.
15:18 of 2nd period - Matthew Tkachuk wins face-off versus Mika Zibanejad in neutral zone.
15:55 of 2nd period - Wrist shot by Patrick Kane.
15:55 of 2nd period - Goal by Patrick Kane - Detroit Red Wings : 3 - Calgary Flames : 1.
15:56 of 2nd period - Sebastian Aho wins face-off versus Mika Zibanejad in neutral zone.
16:36 of 2nd period - Wrist shot by J.T. Miller.
16:36 of 2nd period - Stopped by Calvin Pickard without a rebound.
16:37 of 2nd period - Oliver Bjorkstrand wins face-off versus Steven Stamkos in Detroit Red Wings zone.
16:42 of 2nd period - Wrist shot by Oliver Bjorkstrand.
16:42 of 2nd period - Shot Misses the Net.
16:44 of 2nd period - Slapshot by Vincent Desharnais.
16:44 of 2nd period - Stopped by Calvin Pickard with a rebound.
16:46 of 2nd period - Snap shot by Oliver Bjorkstrand.
16:46 of 2nd period - Stopped by Calvin Pickard without a rebound.
16:47 of 2nd period - Steven Stamkos wins face-off versus Oliver Bjorkstrand in Detroit Red Wings zone.
16:51 of 2nd period - Off-side.
16:52 of 2nd period - J.T. Miller wins face-off versus Matthew Boldy in neutral zone.
17:05 of 2nd period - Off-side.
17:06 of 2nd period - Sebastian Aho wins face-off versus Steven Stamkos in neutral zone.
17:17 of 2nd period - Slapshot by Patrick Kane.
17:17 of 2nd period - Shot Blocked by Jeff Petry.
17:19 of 2nd period - Slapshot by Zachary Werenski.
17:19 of 2nd period - Stopped by Samuel Montembeault with a rebound.
17:21 of 2nd period - Slapshot by MacKenzie Weegar.
17:21 of 2nd period - Deflect By Patrick Kane.
17:21 of 2nd period - Shot Blocked by Sebastian Aho.
17:21 of 2nd period - Puck is out of play.
17:22 of 2nd period - J.T. Miller wins face-off versus Mika Zibanejad in Calgary Flames zone.
17:29 of 2nd period - Slapshot by Vincent Desharnais.
17:29 of 2nd period - Stopped by Calvin Pickard with a rebound.
17:31 of 2nd period - Slapshot by Matthew Tkachuk.
17:31 of 2nd period - Stopped by Calvin Pickard without a rebound.
17:32 of 2nd period - J.T. Miller wins face-off versus Mika Zibanejad in Detroit Red Wings zone.
18:01 of 2nd period - Slapshot by J.T. Miller.
18:01 of 2nd period - Shot Misses the Net.
18:19 of 2nd period - Carter Verhaeghe is hit by Jake Middleton and loses puck.
18:24 of 2nd period - Snap shot by Matthew Tkachuk.
18:24 of 2nd period - Shot Misses the Net.
19:18 of 2nd period - Carter Verhaeghe is hit by Pavel Zacha and loses puck.
19:41 of 2nd period - Jake Middleton is hit by Carter Verhaeghe and loses puck.
Goals for this period are 2 for Detroit Red Wings vs 0 for Calgary Flames.
Shots for this period are 6 for Detroit Red Wings vs 13 for Calgary Flames.
3rd period
0:01 of 3rd period - Steven Stamkos wins face-off versus Joel Eriksson Ek in neutral zone.
0:04 of 3rd period - Snap shot by MacKenzie Weegar.
0:04 of 3rd period - Deflect By Jared McCann.
0:04 of 3rd period - Shot Blocked by Zach Hyman.
0:04 of 3rd period - Puck is out of play.
0:05 of 3rd period - Steven Stamkos wins face-off versus Sebastian Aho in Calgary Flames zone.
0:08 of 3rd period - Slapshot by Steven Stamkos.
0:08 of 3rd period - Deflect By Jared McCann.
0:08 of 3rd period - Stopped by Samuel Montembeault with a rebound.
0:10 of 3rd period - Slapshot by Patrick Kane.
0:10 of 3rd period - Shot Misses the Net.
0:12 of 3rd period - Wrist shot by Patrick Kane.
0:12 of 3rd period - Shot Misses the Net.
0:14 of 3rd period - Slapshot by Jackson LaCombe.
0:14 of 3rd period - Shot Misses the Net.
0:16 of 3rd period - Slapshot by MacKenzie Weegar.
0:16 of 3rd period - Shot Blocked by Drew Doughty.
1:06 of 3rd period - Wrist shot by J.T. Miller.
1:06 of 3rd period - Shot Misses the Net.
1:13 of 3rd period - Icing by Carter Verhaeghe.
1:14 of 3rd period - Nic Dowd wins face-off versus Steven Stamkos in Detroit Red Wings zone.
1:17 of 3rd period - Wrist shot by Yakov Trenin.
1:17 of 3rd period - Goal by Yakov Trenin - Detroit Red Wings : 3 - Calgary Flames : 2.
1:18 of 3rd period - Sebastian Aho wins face-off versus Steven Stamkos in neutral zone.
1:52 of 3rd period - Snap shot by Oliver Bjorkstrand.
1:52 of 3rd period - Stopped by Calvin Pickard with a rebound.
1:54 of 3rd period - Backhand shot by Mathieu Joseph.
1:54 of 3rd period - Shot Misses the Net.
1:56 of 3rd period - Slapshot by Jeff Petry.
1:56 of 3rd period - Shot Blocked by MacKenzie Weegar.
1:58 of 3rd period - Slapshot by Timo Meier.
1:58 of 3rd period - Shot Blocked by Carter Verhaeghe.
2:40 of 3rd period - Slapshot by Brendan Gallagher.
2:40 of 3rd period - Stopped by Samuel Montembeault without a rebound.
2:41 of 3rd period - Steven Stamkos wins face-off versus Sebastian Aho in Calgary Flames zone.
2:56 of 3rd period - Snap shot by Steven Stamkos.
2:56 of 3rd period - Shot Misses the Net.
3:06 of 3rd period - Sebastian Aho is hit by Raphael Lavoie and loses puck.
3:15 of 3rd period - Snap shot by Daniel Sprong.
3:15 of 3rd period - Shot Misses the Net.
3:19 of 3rd period - Snap shot by Daniel Sprong.
3:19 of 3rd period - Shot Misses the Net.
4:32 of 3rd period - Wrist shot by Timo Meier.
4:32 of 3rd period - Stopped by Calvin Pickard with a rebound.
4:34 of 3rd period - Snap shot by Drew Doughty.
4:34 of 3rd period - Stopped by Calvin Pickard with a rebound.
4:56 of 3rd period - Icing by Keegan Kolesar.
4:57 of 3rd period - Sebastian Aho wins face-off versus Mika Zibanejad in Detroit Red Wings zone.
5:14 of 3rd period - Snap shot by Matthew Boldy.
5:14 of 3rd period - Stopped by Samuel Montembeault with a rebound.
5:24 of 3rd period - Slapshot by Steven Stamkos.
5:24 of 3rd period - Deflect By Jared McCann.
5:24 of 3rd period - Stopped by Samuel Montembeault without a rebound.
5:25 of 3rd period - Oliver Bjorkstrand wins face-off versus Steven Stamkos in Calgary Flames zone.
6:12 of 3rd period - Wrist shot by Matthew Boldy.
6:12 of 3rd period - Shot Misses the Net.
6:43 of 3rd period - Icing by Jackson LaCombe.
6:44 of 3rd period - Oliver Bjorkstrand wins face-off versus Kevin Stenlund in Detroit Red Wings zone.
6:47 of 3rd period - Slapshot by Timo Meier.
6:47 of 3rd period - Stopped by Calvin Pickard without a rebound.
6:48 of 3rd period - Oliver Bjorkstrand wins face-off versus Steven Stamkos in Detroit Red Wings zone.
7:56 of 3rd period - Wrist shot by Shayne Gostisbehere.
7:56 of 3rd period - Deflect By Jeff Petry.
7:56 of 3rd period - Stopped by Samuel Montembeault with a rebound.
8:19 of 3rd period - Slapshot by Timo Meier.
8:19 of 3rd period - Deflect By Oliver Bjorkstrand.
8:19 of 3rd period - Shot Blocked by Jared McCann.
8:19 of 3rd period - Puck is out of play.
8:20 of 3rd period - Steven Stamkos wins face-off versus Oliver Bjorkstrand in Detroit Red Wings zone.
8:25 of 3rd period - Slapshot by Zachary Werenski.
8:25 of 3rd period - Deflect By Steven Stamkos.
8:25 of 3rd period - Shot Blocked by Rasmus Andersson.
8:25 of 3rd period - Puck is out of play.
8:26 of 3rd period - Steven Stamkos wins face-off versus Zach Hyman in Calgary Flames zone.
9:17 of 3rd period - Wrist shot by Brendan Gallagher.
9:17 of 3rd period - Shot Blocked by Rasmus Andersson.
9:19 of 3rd period - Snap shot by Keegan Kolesar.
9:19 of 3rd period - Stopped by Samuel Montembeault with a rebound.
9:21 of 3rd period - Slapshot by Jackson LaCombe.
9:21 of 3rd period - Shot Blocked by Drew Doughty.
9:23 of 3rd period - Slapshot by Kevin Shattenkirk.
9:23 of 3rd period - Shot Blocked by Drew Doughty.
9:25 of 3rd period - Wrist shot by Brendan Gallagher.
9:25 of 3rd period - Shot Misses the Net.
9:27 of 3rd period - Backhand shot by Kevin Shattenkirk.
9:27 of 3rd period - Shot Misses the Net.
9:47 of 3rd period - Wrist shot by Daniel Sprong.
9:47 of 3rd period - Shot Blocked by Matthew Tkachuk.
10:03 of 3rd period - Wrist shot by Joel Eriksson Ek.
10:03 of 3rd period - Goal by Joel Eriksson Ek - Detroit Red Wings : 3 - Calgary Flames : 3.
10:04 of 3rd period - Joel Eriksson Ek wins face-off versus Steven Stamkos in neutral zone.
10:31 of 3rd period - MacKenzie Weegar is hit by Jeremy Lauzon.
10:37 of 3rd period - Wrist shot by Jackson LaCombe.
10:37 of 3rd period - Shot Blocked by Jeff Petry.
10:39 of 3rd period - Slapshot by Kevin Shattenkirk.
10:39 of 3rd period - Shot Blocked by Jeff Petry.
10:59 of 3rd period - Slapshot by Christian Fischer.
10:59 of 3rd period - Shot Misses the Net.
11:09 of 3rd period - Matthew Tkachuk is hit by Patrick Kane and loses puck.
11:18 of 3rd period - Wrist shot by Steven Stamkos.
11:18 of 3rd period - Stopped by Samuel Montembeault without a rebound.
11:19 of 3rd period - Mika Zibanejad wins face-off versus Sebastian Aho in Calgary Flames zone.
12:08 of 3rd period - Snap shot by Matthew Boldy.
12:08 of 3rd period - Stopped by Samuel Montembeault with a rebound.
12:10 of 3rd period - Snap shot by Matthew Boldy.
12:10 of 3rd period - Stopped by Samuel Montembeault without a rebound.
12:11 of 3rd period - Steven Stamkos wins face-off versus Oliver Bjorkstrand in Calgary Flames zone.
12:58 of 3rd period - Slapshot by Shayne Gostisbehere.
12:58 of 3rd period - Deflect By Brendan Gallagher.
12:58 of 3rd period - Stopped by Samuel Montembeault with a rebound.
13:00 of 3rd period - Snap shot by Brendan Gallagher.
13:00 of 3rd period - Stopped by Samuel Montembeault without a rebound.
13:01 of 3rd period - J.T. Miller wins face-off versus Kevin Stenlund in Calgary Flames zone.
13:10 of 3rd period - Wrist shot by Kevin Stenlund.
13:10 of 3rd period - Shot Misses the Net.
13:12 of 3rd period - Snap shot by Brendan Gallagher.
13:12 of 3rd period - Shot Blocked by Pavel Zacha.
13:39 of 3rd period - Snap shot by Matthew Tkachuk.
13:39 of 3rd period - Stopped by Calvin Pickard with a rebound.
14:07 of 3rd period - Snap shot by Brendan Gallagher.
14:07 of 3rd period - Shot Misses the Net.
14:09 of 3rd period - Backhand shot by MacKenzie Weegar.
14:09 of 3rd period - Deflect By J.T. Miller.
14:09 of 3rd period - Stopped by Samuel Montembeault with a rebound.
14:11 of 3rd period - Wrist shot by MacKenzie Weegar.
14:11 of 3rd period - Deflect By Matthew Tkachuk.
14:11 of 3rd period - Stopped by Samuel Montembeault with a rebound.
14:13 of 3rd period - Slapshot by MacKenzie Weegar.
14:13 of 3rd period - Shot Blocked by Matthew Tkachuk.
14:17 of 3rd period - Backhand shot by Keegan Kolesar.
14:17 of 3rd period - Shot Misses the Net.
14:19 of 3rd period - Slapshot by MacKenzie Weegar.
14:19 of 3rd period - Stopped by Samuel Montembeault without a rebound.
14:20 of 3rd period - Steven Stamkos wins face-off versus Sebastian Aho in Calgary Flames zone.
14:35 of 3rd period - Snap shot by Sebastian Aho.
14:35 of 3rd period - Stopped by Calvin Pickard with a rebound.
14:52 of 3rd period - Matthew Boldy is hit by Jake Middleton and loses puck.
15:13 of 3rd period - Slapshot by Drew Doughty.
15:13 of 3rd period - Stopped by Calvin Pickard without a rebound.
15:14 of 3rd period - Raphael Lavoie wins face-off versus Sebastian Aho in Detroit Red Wings zone.
15:27 of 3rd period - Slapshot by Drew Doughty.
15:27 of 3rd period - Stopped by Calvin Pickard with a rebound.
15:29 of 3rd period - Snap shot by Joel Eriksson Ek.
15:29 of 3rd period - Shot Misses the Net.
15:31 of 3rd period - Backhand shot by Sebastian Aho.
15:31 of 3rd period - Shot Misses the Net.
15:46 of 3rd period - Snap shot by Timo Meier.
15:46 of 3rd period - Stopped by Calvin Pickard with a rebound.
16:15 of 3rd period - Off-side.
16:16 of 3rd period - Nic Dowd wins face-off versus Steven Stamkos in neutral zone.
16:51 of 3rd period - Slapshot by Steven Stamkos.
16:51 of 3rd period - Shot Misses the Net.
16:53 of 3rd period - Slapshot by Zach Bogosian.
16:53 of 3rd period - Shot Misses the Net.
17:07 of 3rd period - Slapshot by Garnet Hathaway.
17:07 of 3rd period - Goal by Garnet Hathaway - Detroit Red Wings : 3 - Calgary Flames : 4.
17:08 of 3rd period - Raphael Lavoie wins face-off versus Oliver Bjorkstrand in neutral zone.
17:35 of 3rd period - Matthew Tkachuk is hit by Mika Zibanejad and loses puck.
17:42 of 3rd period - Slapshot by Vincent Desharnais.
17:42 of 3rd period - Stopped by Calvin Pickard with a rebound.
17:54 of 3rd period - Minor Penalty to Matthew Tkachuk for Hooking.
17:55 of 3rd period - Pavel Zacha wins face-off versus Steven Stamkos in Calgary Flames zone.
18:06 of 3rd period - Snap shot by Patrick Kane.
18:06 of 3rd period - Shot Misses the Net.
18:08 of 3rd period - Wrist shot by Patrick Kane.
18:08 of 3rd period - Stopped by Samuel Montembeault with a rebound.
18:10 of 3rd period - Slapshot by Zachary Werenski.
18:10 of 3rd period - Shot Misses the Net.
18:30 of 3rd period - Minor Penalty to Carter Verhaeghe for Slashing.
18:31 of 3rd period - Mika Zibanejad wins face-off versus Joel Eriksson Ek in Detroit Red Wings zone.
18:42 of 3rd period - Detroit Red Wings, Calvin Pickard is pulled from the net.
18:46 of 3rd period - Slapshot by Mika Zibanejad.
18:46 of 3rd period - Stopped by Samuel Montembeault with a rebound.
18:48 of 3rd period - Wrist shot by Raphael Lavoie.
18:48 of 3rd period - Stopped by Samuel Montembeault without a rebound.
18:49 of 3rd period - David Quinn call a timeout for Detroit Red Wings.
18:49 of 3rd period - J.T. Miller wins face-off versus Mika Zibanejad in Calgary Flames zone.
19:02 of 3rd period - Backhand shot by Raphael Lavoie.
19:02 of 3rd period - Goal by Raphael Lavoie - Detroit Red Wings : 4 - Calgary Flames : 4.
19:02 of 3rd period - Calvin Pickard from Detroit Red Wings was sent back in the game.
19:03 of 3rd period - Mika Zibanejad wins face-off versus Pavel Zacha in neutral zone.
19:20 of 3rd period - Slapshot by Mika Zibanejad.
19:20 of 3rd period - Deflect By Jake Middleton.
19:20 of 3rd period - Shot Misses the Net.
19:20 of 3rd period - Puck is out of play.
19:21 of 3rd period - Mika Zibanejad wins face-off versus Joel Eriksson Ek in Calgary Flames zone.
19:40 of 3rd period - Minor Penalty to Nic Dowd for Slashing.
19:41 of 3rd period - Sebastian Aho wins face-off versus Mika Zibanejad in Calgary Flames zone.
19:52 of 3rd period - Wrist shot by Mika Zibanejad.
19:52 of 3rd period - Shot Misses the Net.
19:54 of 3rd period - Penalty to Matthew Tkachuk is over, Matthew Tkachuk is back on ice.
19:54 of 3rd period - Slapshot by MacKenzie Weegar.
19:54 of 3rd period - Shot Misses the Net.
19:56 of 3rd period - Snap shot by Raphael Lavoie.
19:56 of 3rd period - Deflect By Mika Zibanejad.
19:56 of 3rd period - Shot Blocked by Matthew Tkachuk.
19:56 of 3rd period - Puck is out of play.
19:57 of 3rd period - Pavel Zacha wins face-off versus Mika Zibanejad in Calgary Flames zone.
Goals for this period are 1 for Detroit Red Wings vs 3 for Calgary Flames.
Shots for this period are 18 for Detroit Red Wings vs 13 for Calgary Flames.
Overtime #1
0:01 of 1st overtime period - Pavel Zacha wins face-off versus Mika Zibanejad in neutral zone.
0:10 of 1st overtime period - J.T. Miller is hit by Zachary Werenski and loses puck.
0:15 of 1st overtime period - Slapshot by Zachary Werenski.
0:15 of 1st overtime period - Shot Misses the Net.
0:17 of 1st overtime period - Snap shot by Raphael Lavoie.
0:17 of 1st overtime period - Stopped by Samuel Montembeault without a rebound.
0:18 of 1st overtime period - Mika Zibanejad wins face-off versus Joel Eriksson Ek in Calgary Flames zone.
0:25 of 1st overtime period - Slapshot by Zachary Werenski.
0:25 of 1st overtime period - Stopped by Samuel Montembeault with a rebound.
0:27 of 1st overtime period - Snap shot by Raphael Lavoie.
0:27 of 1st overtime period - Shot Blocked by Matthew Tkachuk.
0:29 of 1st overtime period - Wrist shot by Raphael Lavoie.
0:29 of 1st overtime period - Shot Misses the Net.
0:30 of 1st overtime period - Penalty to Carter Verhaeghe is over, Carter Verhaeghe is back on ice.
0:31 of 1st overtime period - Snap shot by MacKenzie Weegar.
0:31 of 1st overtime period - Deflect By Matthew Tkachuk.
0:31 of 1st overtime period - Stopped by Samuel Montembeault with a rebound.
0:33 of 1st overtime period - Wrist shot by Zachary Werenski.
0:33 of 1st overtime period - Shot Misses the Net.
0:35 of 1st overtime period - Snap shot by Carter Verhaeghe.
0:35 of 1st overtime period - Stopped by Samuel Montembeault with a rebound.
0:45 of 1st overtime period - Wrist shot by Carter Verhaeghe.
0:45 of 1st overtime period - Goal by Carter Verhaeghe - Detroit Red Wings : 5 - Calgary Flames : 4.
Goals for this period are 1 for Detroit Red Wings vs 0 for Calgary Flames.
Shots for this period are 5 for Detroit Red Wings vs 0 for Calgary Flames.
Back to the Top